Workbook

Sheet Cash Budget
A1: STAR SKATEBOARDS LTD -- CASH BUDGET FOR 6 MONTHS TO JUNE 2019
D4: Jan | E4: Feb | F4: March | G4: April | H4: May | I4: June
D5: £ | E5: £ | F5: £ | G5: £ | H5: £ | I5: £
A8: Receipts :
A10: Share Issue | D10: =6000*1.9*0.5 -> 5700 | I10: =5000*2.2*0.5 -> 5500
A11: Welsh Assembly Loan | F11: 140000
A12: Lloyds Bank loan | D12: 75000
A13: Enterprise Grant | D13: 60000 | E13: 60000 | F13: 60000 | G13: 60000 | H13: 60000
A14: Cash sales | D14: 592800 | E14: 829920 | F14: 869440 | G14: 908960 | H14: 1007760 | I14: 968240
A15: Credit sales | D15: 0 | E15: 110635.2 | F15: 229769.28 | G15: 267096.96 | H15: 279464.64 | I15: 302895.84
A16: Interest Received | G16: =F45*0.029/12 -> 95.26084 | H16: =G45*0.029/12 -> 897.84773 | I16: =H45*0.029/12 -> 1798.8862
A18: Total Receipts | D18: =SUM(D10:D17) -> 733500 | E18: =SUM(E10:E17) -> 1000555.2 | F18: =SUM(F10:F17) -> 1299209.3 | G18: =SUM(G10:G17) -> 1236152.2 | H18: =SUM(H10:H17) -> 1348122.5 | I18: =SUM(I10:I17) -> 1278434.7
A21: Payments :
A22: Bank loan repayments | I22: 2500
A23: Loan interest | D23: =0.01*75000 -> 750 | E23: =0.01*75000 -> 750 | F23: =0.01*75000 -> 750 | G23: =0.01*75000 -> 750 | H23: =0.01*75000 -> 750 | I23: =0.01*(75000-2500) -> 725
A24: Office Premises | D24: 220000 | E24: 55000 | F24: 55000
A25: Fixtures and fittings | D25: 144000
A26: Delivery Vehicle | G26: 1640
A27: Machine | D27: 1950 | E27: =27800-1950 -> 25850
A28: Direct labour | D28: =Workings!D19 -> 468180 | E28: =Workings!E19 -> 539580 | F28: =Workings!F19 -> 565080 | G28: =Workings!G19 -> 596700 | H28: =Workings!H19 -> 646170 | I28: =Workings!I19 -> 624750
A29: Variable overhead | D29: =Workings!D27 -> 58476.6 | E29: =Workings!E27 -> 98882 | F29: =Workings!F27 -> 106869 | G29: =Workings!G27 -> 112533.4 | H29: =Workings!H27 -> 120838.9 | I29: =Workings!I27 -> 121490.6
A30: Direct material | D30: =Workings!D39 -> 66343.86 | E30: =Workings!E39 -> 143475.66 | F30: =Workings!F39 -> 157309.16 | G30: =Workings!G39 -> 165439.9 | H30: =Workings!H39 -> 176976.09 | I30: =Workings!I39 -> 181021.75
A31: Rent and rates | D31: 26984 | E31: 26984 | F31: 26984 | G31: 26984 | H31: 26984 | I31: 26984
A32: Light and power | F32: 198332 | I32: 198332
A33: Interim Dividend | H33: 1760
A34: Advertising | E34: 4600 | H34: 1800
A35: Interest | E35: =-D45*0.043/12 -> 907.24431 | F35: =-E45*0.043/12 -> 533.67717
A36: Overdraft Fee | E36: 275
A38: Total payments | D38: =SUM(D22:D37) -> 986684.46 | E38: =SUM(E22:E37) -> 896303.9 | F38: =SUM(F22:F37) -> 1110857.8 | G38: =SUM(G22:G37) -> 904047.3 | H38: =SUM(H22:H37) -> 975278.99 | I38: =SUM(I22:I37) -> 1155803.4
A41: Balance b / f | D41: nil | E41: =D45 -> -253184.46 | F41: =E45 -> -148933.16 | G41: =F45 -> 39418.279 | H41: =G45 -> 371523.2 | I41: =H45 -> 744366.7
A43: Cashflow in month | D43: =D18-D38 -> -253184.46 | E43: =E18-E38 -> 104251.3 | F43: =F18-F38 -> 188351.44 | G43: =G18-G38 -> 332104.92 | H43: =H18-H38 -> 372843.5 | I43: =I18-I38 -> 122631.38
A45: Balance c / f | D45: =+D43 -> -253184.46 | E45: =E41+E43 -> -148933.16 | F45: =F41+F43 -> 39418.279 | G45: =G41+G43 -> 371523.2 | H45: =H41+H43 -> 744366.7 | I45: =I41+I43 -> 866998.07

Sheet Workings
A1: WORKINGS :
A4: (1) Budgeted production (units)
D6: Jan | E6: Feb | F6: March | G6: April | H6: May | I6: June | J6: July
A8: Sales | D8: 30000 | E8: 42000 | F8: 44000 | G8: 46000 | H8: 51000 | I8: 49000 | J8: 49000
A9: Closing stock | D9: =E8*0.16 -> 6720 | E9: =F8*0.16 -> 7040 | F9: =G8*0.16 -> 7360 | G9: =H8*0.16 -> 8160 | H9: =I8*0.16 -> 7840 | I9: =J8*0.16 -> 7840
A10: Opening stock | E10: =-D9 -> -6720 | F10: =-E9 -> -7040 | G10: =-F9 -> -7360 | H10: =-G9 -> -8160 | I10: =-H9 -> -7840
A12: Production | D12: =SUM(D8:D11) -> 36720 | E12: =SUM(E8:E11) -> 42320 | F12: =SUM(F8:F11) -> 44320 | G12: =SUM(G8:G11) -> 46800 | H12: =SUM(H8:H11) -> 50680 | I12: =SUM(I8:I11) -> 49000 | K12: =SUM(D12:J12) -> 269840
D15: £ | E15: £ | F15: £ | G15: £ | H15: £ | I15: £
A17: (a) Direct labour (at £12.75) | D17: =D12*12.75 -> 468180 | E17: =E12*12.75 -> 539580 | F17: =F12*12.75 -> 565080 | G17: =G12*12.75 -> 596700 | H17: =H12*12.75 -> 646170 | I17: =I12*12.75 -> 624750
B19: Paid | D19: =D17 -> 468180 | E19: =E17 -> 539580 | F19: =F17 -> 565080 | G19: =G17 -> 596700 | H19: =H17 -> 646170 | I19: =I17 -> 624750
A22: (b) Variable overhead (at £2.45) | D22: =D12*2.45 -> 89964 | E22: =E12*2.45 -> 103684 | F22: =F12*2.45 -> 108584 | G22: =G12*2.45 -> 114660 | H22: =H12*2.45 -> 124166 | I22: =I12*2.45 -> 120050
B24: 65% in month | D24: =0.65*D22 -> 58476.6 | E24: =0.65*E22 -> 67394.6 | F24: =0.65*F22 -> 70579.6 | G24: =0.65*G22 -> 74529 | H24: =0.65*H22 -> 80707.9 | I24: =0.65*I22 -> 78032.5
B25: 35% following month | E25: =0.35*D22 -> 31487.4 | F25: =0.35*E22 -> 36289.4 | G25: =0.35*F22 -> 38004.4 | H25: =0.35*G22 -> 40131 | I25: =0.35*H22 -> 43458.1
D27: =SUM(D24:D26) -> 58476.6 | E27: =SUM(E24:E26) -> 98882 | F27: =SUM(F24:F26) -> 106869 | G27: =SUM(G24:G26) -> 112533.4 | H27: =SUM(H24:H26) -> 120838.9 | I27: =SUM(I24:I26) -> 121490.6
A31: (c) Direct material (at £3.65) | D31: =D12*3.65 -> 134028 | E31: =E12*3.65 -> 154468 | F31: =F12*3.65 -> 161768 | G31: =G12*3.65 -> 170820 | H31: =H12*3.65 -> 184982 | I31: =I12*3.65 -> 178850
A33: Supplier A | E33: =D31*0.5 -> 67014 | F33: =E31*0.5 -> 77234 | G33: =F31*0.5 -> 80884 | H33: =G31*0.5 -> 85410 | I33: =H31*0.5 -> 92491
A34: (1month credit)
A36: Supplier B | D36: =D31*0.5*0.99 -> 66343.86 | E36: =E31*0.5*0.99 -> 76461.66 | F36: =F31*0.5*0.99 -> 80075.16 | G36: =G31*0.5*0.99 -> 84555.9 | H36: =H31*0.5*0.99 -> 91566.09 | I36: =I31*0.5*0.99 -> 88530.75
A37: (no credit / 1%discount)
A39: Payments to | D39: =SUM(D33:D38) -> 66343.86 | E39: =SUM(E33:E38) -> 143475.66 | F39: =SUM(F33:F38) -> 157309.16 | G39: =SUM(G33:G38) -> 165439.9 | H39: =SUM(H33:H38) -> 176976.09 | I39: =SUM(I33:I38) -> 181021.75
A40: suppliers (£)
A44: (2) Cash received from customers
D46: Jan | E46: Feb | F46: March | G46: April | H46: May | I46: June
D47: £ | E47: £ | F47: £ | G47: £ | H47: £ | I47: £
A49: Credit sales | D49: =30000*0.24*26 -> 187200 | E49: =42000*0.24*26 -> 262080 | F49: =44000*0.24*26 -> 274560 | G49: =46000*0.24*26 -> 287040 | H49: =51000*0.24*26 -> 318240 | I49: =49000*0.24*26 -> 305760
A51: January | E51: =D49*0.6*0.985 -> 110635.2 | F51: =D49*0.4 -> 74880
A52: February | F52: =E49*0.6*0.985 -> 154889.28 | G52: =E49*0.4 -> 104832
A53: March | G53: =F49*0.6*0.985 -> 162264.96 | H53: =F49*0.4 -> 109824
A54: April | H54: =G49*0.6*0.985 -> 169640.64 | I54: =G49*0.4 -> 114816
A55: May | I55: =H49*0.6*0.985 -> 188079.84
D57: =SUM(D51:D56) -> 0 | E57: =SUM(E51:E56) -> 110635.2 | F57: =SUM(F51:F56) -> 229769.28 | G57: =SUM(G51:G56) -> 267096.96 | H57: =SUM(H51:H56) -> 279464.64 | I57: =SUM(I51:I56) -> 302895.84
D60: Jan | E60: Feb | F60: March | G60: April | H60: May | I60: June
D61: £ | E61: £ | F61: £ | G61: £ | H61: £ | I61: £
A63: Cash sales | D63: =30000*0.76*26 -> 592800 | E63: =42000*0.76*26 -> 829920 | F63: =44000*0.76*26 -> 869440 | G63: =46000*0.76*26 -> 908960 | H63: =51000*0.76*26 -> 1007760 | I63: =49000*0.76*26 -> 968240
A67: (3) Fixed Overheads
F69: £
A70: Total fixed overhead | F70: =269840*3 -> 809520
A72: Made up as follows :
B74: Rent and rates (20%) | F74: =F70*0.2 -> 161904
B75: Light and power (49%) | F75: =F70*0.49 -> 396664.8
B76: Depreciation (31%) | F76: =F70*0.31 -> 250951.2
F78: =SUM(F74:F76) -> 809520
A82: Cashflow :
B84: Rent and Rates | F84: =F74/6 -> 26984 | G84: per month
B85: Light and power | F85: =F75/2 -> 198332.4 | G85: per quarter
B86: Depreciation has no cash impact

Sheet Sheet3

Sheet Sheet4

Sheet Sheet5

Sheet Sheet6

Sheet Sheet7

Sheet Sheet8

Sheet Sheet9

Sheet Sheet10

Sheet Sheet11

Sheet Sheet12

Sheet Sheet13

Sheet Sheet14

Sheet Sheet15

Sheet Sheet16
